 Dungeon Crawl Stone Soup version 0.16.2-3-ga078185 (webtiles) character file.

90870 ztt the Severer (level 15, -6/139 HPs)
             Began as a Minotaur Fighter on Sept 8, 2015.
             Was the Champion of Okawaru.
             Killed from afar by a merfolk aquamancer (30 damage)
             ... with a shard of ice
             ... on level 4 of the Shoals on Sept 9, 2015.
             The game lasted 00:42:18 (21424 turns).

ztt the Severer (Minotaur Fighter)                 Turns: 21424, Time: 00:42:18

Health: -6/139     AC: 25    Str: 27    XL:     15   Next: 53%
Magic:  0/7        EV: 12    Int:  5    God:    Okawaru [******]
Gold:   1053       SH: 17    Dex: 13    Spells: 0 memorised, 14 levels left

rFire  + + .     SeeInvis +     S - +3 war axe (chop)
rCold  . . .     Clarity  .     n - +3 plate armour {rPois}
rNeg   + . .     SustAb   .     m - +2 shield {rF+}
rPois  +         Gourm    .     Z - +0 hat {SInv}
rElec  .         Spirit   +     e - +1 cloak "Wuomouf" {-Cast +Fly rF+ rN+ MR+}
rCorr  .         Warding  .     z - +1 pair of gloves {Dex+3}
rMut   .         Stasis   .     q - +0 pair of boots
MR     +++..     NoCast   +     b - amulet of guardian spirit
Stlth  ..........               H - ring of protection from magic
                                y - ring of see invisible

@: extremely resistant to hostile enchantments, extremely unstealthy
A: retaliatory headbutt, horns 2
a: Heroism, Finesse, Renounce Religion, Evoke Flight


You were on level 4 of the Shoals.
You worshipped Okawaru.
Okawaru was exalted by your worship.
You were not hungry.

You visited 4 branches of the dungeon, and saw 29 of its levels.
You also visited: Sewer.

You collected 1448 gold pieces.
You spent 395 gold pieces at shops.

Inventory:

Hand weapons
 u - a +0 flail of crushing
 A - the +4 hand crossbow of Ragnarok {elec, Dex+2}
   (You found it on level 14 of the Dungeon)

   It charges the ammunition it shoots with electricity; occasionally upon a
   hit, such missiles may discharge and cause terrible harm.
   It affects your dexterity (+2).
 S - a +3 war axe of chopping (weapon)
 X - a cursed +2 battleaxe
Armour
 e - the +1 cloak "Wuomouf" (worn) {-Cast +Fly rF+ rN+ MR+}
   (You found it on level 12 of the Dungeon)

   It protects you from fire.
   It protects you from negative energy.
   It affects your resistance to hostile enchantments.
   It lets you fly.
   It prevents spellcasting.
 m - a +2 shield of fire resistance (worn)
 n - a +3 plate armour of poison resistance (worn)
 p - a +2 hat
 q - a +0 pair of boots (worn)
 z - a +1 pair of gloves of dexterity (worn)
 M - the +18 shield of the gong {rElec rN+ MR+ EV-5}
   (You found it on level 6 of the Lair of Beasts)

   It affects your evasion (-5).
   It insulates you from electricity.
   It protects you from negative energy.
   It affects your resistance to hostile enchantments.
 Z - a +0 hat of see invisible (worn)
Jewellery
 a - an uncursed ring of protection from cold
 b - an amulet of guardian spirit (around neck)
 v - an uncursed ring of flight
 y - a ring of see invisible (left hand)
 C - an uncursed ring of sustain abilities
 E - an uncursed ring of positive energy
 H - a ring of protection from magic (right hand)
Magical devices
 j - a wand of hasting (6)
 x - a wand of fireball (3)
 D - a wand of fire (12)
 G - a wand of polymorph (14)
 O - a wand of digging (12)
 P - a wand of disintegration (6)
 T - a wand of digging (11)
 Y - a wand of teleportation (4)
Scrolls
 g - 3 scrolls of remove curse
 r - 2 scrolls of fog
 w - 6 scrolls of teleportation
 I - 4 scrolls of enchant armour
 J - 2 scrolls of fear
 K - 5 scrolls of recharging
 L - 2 scrolls of magic mapping
 R - a scroll of blinking
Potions
 c - 2 potions of invisibility
 f - 2 potions of magic
 h - 4 potions of haste
 k - a potion of brilliance
 l - 3 potions of curing
 o - a potion of cure mutation
 t - 3 potions of flight
 B - 3 potions of restore abilities
 F - a potion of berserk rage
 N - 2 potions of agility
 Q - a potion of might
 V - a potion of cancellation
 W - a potion of resistance
Comestibles
 d - 9 bread rations
 s - 10 meat rations


   Skills:
 + Level 14.6 Fighting
 + Level 17.3 Axes
 + Level 13.3 Armour
 + Level 9.1 Dodging
 + Level 2.3 Stealth
 + Level 17.0 Shields
 + Level 0.6 Invocations


You had 14 spell levels left.
You didn't know any spells.

Dungeon Overview and Level Annotations

Branches:
Dungeon (15/15)            Temple (1/1) D:5            Lair (8/8) D:11
 Shoals (5/5) Lair:3       Spider (0/5) Lair:3        Slime (0/6) Lair:7
    Orc (0/4) D:11         Vaults (0/5) D:13         Depths (0/5) D:15

Altars:
Ashenzari
Cheibriados
Dithmenos
Elyvilon
Fedhas
Gozag
Kikubaaqudgha
Makhleb
Nemelex Xobeh
Okawaru
Qazlal
Ru
Sif Muna
Trog
Vehumet
Xom
Yredelemnul
Zin
The Shining One

Shops:
D:5 }   D:8 (=   D:12 *   Shoals:1 [


Innate Abilities, Weirdness & Mutations

You reflexively headbutt those who attack you in melee.
You have a pair of horns on your head.


Message History

The merfolk aquamancer shouts!
Drink which item? (? for menu, Esc to quit)
Okay, then.
Read which item? (? for menu, Esc to quit)
As you read the scroll of teleportation, it crumbles to dust.
You feel strangely unstable.
Your surroundings suddenly seem different.
Splash!
You fall into the shallow water.
Moving in this stuff is going to be slow.
Why would you want to do that? Why would you want to do that?
Why would you want to do that? Why would you want to do that?
Found a bread ration.
You enter the shallow water.
Moving in this stuff is going to be slow.
The merfolk aquamancer gestures at you while chanting.
The shard of ice hits you!
You die...

##≈≈≈≈≈≈.≈≈.≈≈≈....###......≈≈.?≈
#≈≈≈≈≈≈≈≈≈≈≈≈≈≈≈..####.........≈≈
#.≈≈≈≈≈≈≈≈≈≈≈≈≈≈≈..##..........≈≈
.≈≈≈≈≈≈≈≈≈≈≈≈≈≈≈≈≈...........#..≈
.≈≈≈≈≈≈≈≈≈≈≈≈≈≈≈≈..≈≈............
.≈≈≈≈≈≈≈≈≈≈≈≈≈≈≈≈.≈≈...≈......)..
.≈≈≈≈≈≈≈≈≈≈m≈≈≈≈≈≈≈≈..≈......##..
≈≈≈≈≈≈≈≈≈≈≈≈≈≈≈≈≈≈≈≈..≈......)...
≈≈≈≈≈≈≈≈≈≈≈≈≈≈≈≈@≈≈≈.≈≈..........
≈≈≈≈≈≈≈≈≈...%.≈≈≈≈≈≈.≈.[[##......
≈≈≈≈≈≈≈≈..###.≈≈≈≈≈≈≈..)###......
≈≈≈≈≈≈≈≈..# #.≈≈≈≈≈≈≈≈[)##...≈≈≈.
(≈≈≈≈≈≈≈..###..≈≈≈≈≈≈≈≈....≈≈≈≈..
≈≈≈≈≈≈≈≈≈...(..≈≈≈≈≈≈≈.....≈≈≈≈≈≈
P≈≈≈≈≈≈≈≈≈..≈≈≈≈≈≈≈≈≈≈.≈≈≈.≈≈≈≈≈≈
.≈≈≈≈≈...≈≈≈≈≈≈≈≈≈≈≈≈≈≈≈≈≈≈≈≈≈≈≈≈
≈≈≈..≈...≈≈≈≈≈≈≈≈≈≈≈≈≈≈≈≈≈≈≈≈≈...


You could see a merfolk aquamancer.

Vanquished Creatures
  Saint Roka (Shoals:4)
  Gastronok (Lair:3)
  A merfolk javelineer (Shoals:5)
  4 vault guards (D:13)
  A yaktaur captain (D:15)
  8 hydras
  A merfolk avatar (Shoals:3)
  5 centaur warriors
  4 death yaks (Lair:7)
  A tengu warrior (D:14)
  6 skeletal warriors
  3 sea snakes (Shoals:4)
  2 unseen horrors
  The ghost of Britaniac the Destroyer, an experienced DsCj of Vehumet (D:8)
  An orc knight (D:15)
  7 hill giants
  A wizard (D:15)
  4 manticores
  4 ugly things (D:14)
  A water nymph (Shoals:4)
  9 elephants
  8 black mambas
  Maurice (D:9)
  6 drowned souls
  A cyclops (D:8)
  A siren (Lair:3)
  5 gargoyles
  An efreet (D:14)
  The ghost of Loris the Changer, an experienced MfTm (D:4)
  A yaktaur (D:15)
  19 spiny frogs
  10 komodo dragons
  2 fire drakes
  A kobold demonologist (D:11)
  A tengu conjurer (D:14)
  6 trolls
  A freezing wraith (D:15)
  10 merfolk
  5 polar bears
  Prince Ribbit (D:9)
  A raven (shapeshifter) (D:14)
  4 slime creatures (D:15)
  A raven (D:14)
  19 blink frogs
  2 snapping turtles
  A two-headed ogre (D:12)
  6 redbacks (Lair:8)
  13 spriggans (Lair:8)
  2 water elementals (Shoals:4)
  4 trapdoor spiders (Lair:3)
  4 wyverns
  The ghost of gorblad the Vexing, an average VSAM of Sif Muna (D:5)
  3 deep elf magi
  2 wraiths
  A steam dragon (D:11)
  Grum (D:9)
  3 vampire mosquitoes (D:15)
  A hungry ghost (D:7)
  A mottled dragon (D:15)
  10 hippogriffs
  27 wolves
  Edmund (D:4)
  A warg (Shoals:4)
  2 soldier ants
  25 yaks
  12 water moccasins
  6 porcupines
  A necrophage (D:11)
  4 black bears
  4 sky beasts
  5 ogres
  11 orc warriors
  4 wasps (Lair:8)
  2 boring beetles (Lair:7)
  13 crocodiles
  A phantom (D:11)
  8 centaurs
  2 big kobolds
  Duvessa (D:6)
  The ghost of Britaniac the Conjurer, an average HECj (D:3)
  17 giant frogs
  A wyvern zombie (D:8)
  19 wights
  A scorpion (D:13)
  2 electric eels (Lair:8)
  8 killer bees
  Dowan (D:6)
  9 hounds
  3 human zombies (D:4)
  A quasit (D:7)
  4 giant frog zombies
  9 crimson imps
  11 orc wizards
  Crazy Yiuf (D:5)
  4 giant frog skeletons
  2 orc priests
  An iron imp (D:11)
  A jelly (D:15)
  3 centaur skeletons
  5 iguanas
  10 worker ants
  22 sheep
  Ijyb (D:5)
  2 hound skeletons
  4 gnolls (D:6)
  21 river rats
  2 shadow imps
  20 adders
  3 worms
  A giant mite (D:1)
  2 adder skeletons (D:4)
  4 adder zombies
  8 giant geckos
  57 orcs
  A ball python (D:5)
  2 bat skeletons (D:5)
  A bat zombie (D:5)
  14 goblins
  17 hobgoblins
  13 jackals
  16 quokkas
  11 bats
  6 giant cockroaches
  A giant cockroach zombie (D:5)
  5 giant newts
  3 giant spores
  A jackal skeleton (D:4)
  19 kobolds
  A quokka skeleton (D:8)
  25 rats
  4 ballistomycetes
  9 fungi
  6 plants (Shoals:4)
773 creatures vanquished.

Vanquished Creatures (others)
  22 drowned souls
  A human (D:4)
  A wight (D:11)
  An orc (D:12)
  2 giant spores
  12 fungi
  2 plants
41 creatures vanquished.

Grand Total: 814 creatures vanquished

Notes
Turn   | Place    | Note
--------------------------------------------------------------
     0 | D:1      | ztt, the Minotaur Fighter, began the quest for the Orb.
     0 | D:1      | Reached XP level 1. HP: 19/19 MP: 1/1
    30 | D:1      | Reached skill level 4 in Armour
    51 | D:1      | Reached XP level 2. HP: 27/27 MP: 1/1
   680 | D:1      | Reached XP level 3. HP: 28/33 MP: 2/2
   843 | D:2      | Reached skill level 1 in Dodging
   895 | D:2      | Found a sacrificial altar of Ru.
  1034 | D:2      | Found a sparkling altar of Nemelex Xobeh.
  1683 | D:3      | Noticed Britaniac's ghost (average HECj)
  1694 | D:3      | Killed Britaniac's ghost
  1694 | D:3      | Reached XP level 4. HP: 18/41 MP: 2/2
  1760 | D:3      | Reached XP level 5. HP: 20/47 MP: 2/2
  2127 | D:3      | Found a glowing drain.
  2150 | Sewer    | Entered a sewer
  2214 | Sewer    | Reached skill level 5 in Armour
  2299 | Sewer    | Found a white marble altar of Elyvilon.
  2459 | D:3      | Reached XP level 6. HP: 55/55 MP: 3/3
  2522 | D:3      | Found a sparkling altar of Nemelex Xobeh.
  2720 | D:4      | Reached skill level 5 in Shields
  2722 | D:4      | Reached skill level 5 in Fighting
  2723 | D:4      | Noticed Loris' ghost (experienced MfTm)
  3141 | D:4      | Killed Loris' ghost
  3141 | D:4      | Reached skill level 6 in Armour
  3141 | D:4      | Reached skill level 1 in Stealth
  3141 | D:4      | Reached XP level 7. HP: 17/61 MP: 3/3
  3249 | D:4      | Noticed Edmund
  3259 | D:4      | Killed Edmund
  3327 | D:4      | Found a runed door.
  3327 | D:4      | Noticed a human
  3338 | D:4      | Reached skill level 5 in Axes
  3338 | D:4      | Reached XP level 8. HP: 32/70 MP: 3/3
  3441 | D:4      | Found a basalt altar of Yredelemnul.
  3471 | D:4      | Found an opulent altar of Gozag.
  3561 | D:4      | Killed a human
  3817 | D:5      | Entered Level 5 of the Dungeon
  3890 | D:5      | Noticed gorblad's ghost (average VSAM)
  3911 | D:5      | Killed gorblad's ghost
  3911 | D:5      | Reached skill level 7 in Armour
  3985 | D:5      | Found Xoph's Gadget Emporium.
  4142 | D:5      | Found a shadowy altar of Dithmenos.
  4144 | D:5      | Found a bloodstained altar of Trog.
  4280 | D:5      | Noticed Ijyb
  4313 | D:5      | Killed Ijyb
  4453 | D:5      | Found a staircase to the Ecumenical Temple.
  4511 | D:5      | Noticed Crazy Yiuf
  4520 | D:5      | Killed Crazy Yiuf
  4597 | Temple   | Entered the Ecumenical Temple
  4804 | D:5      | Found a blossoming altar of Fedhas.
  5057 | D:6      | Noticed Duvessa
  5058 | D:6      | Noticed Dowan
  5067 | D:6      | Killed Duvessa
  5070 | D:6      | Killed Dowan
  5112 | D:6      | Reached skill level 5 in Dodging
  5487 | D:6      | Found an iron altar of Okawaru.
  5504 | D:6      | Became a worshipper of Warmaster Okawaru
  5939 | D:7      | Found a sacrificial altar of Ru.
  6077 | D:7      | Reached XP level 9. HP: 75/78 MP: 4/4
  6101 | D:7      | Found Ixuerr's Food Shop.
  6136 | D:7      | Bought a bread ration for 50 gold pieces
  6136 | D:7      | Bought a bread ration for 50 gold pieces
  6136 | D:7      | Bought a royal jelly for 20 gold pieces
  6136 | D:7      | Bought 3 fruits for 45 gold pieces
  6136 | D:7      | Bought a meat ration for 50 gold pieces
  6136 | D:7      | Bought 2 fruits for 30 gold pieces
  6136 | D:7      | Bought a slice of pizza for 15 gold pieces
  6163 | D:7      | Reached skill level 8 in Armour
  6361 | D:7      | Acquired Okawaru's first power
  6508 | D:8      | Noticed a cyclops
  6512 | D:8      | Found Ghiadi's Antique Weapon Emporium.
  6515 | D:8      | Killed a cyclops
  6719 | D:8      | Found a radiant altar of Vehumet.
  6783 | D:8      | Found a stormy altar of Qazlal.
  6825 | D:8      | Found Buclarch's Jewellery Boutique.
  7084 | D:8      | Noticed Britaniac's ghost (experienced DsCj)
  7103 | D:8      | Killed Britaniac's ghost
  7103 | D:8      | Reached skill level 9 in Shields
  7103 | D:8      | Reached XP level 10. HP: 42/88 MP: 4/4
  7438 | D:9      | Noticed Grum
  7455 | D:9      | Killed Grum
  7508 | D:9      | Noticed Prince Ribbit
  7780 | D:9      | Killed Prince Ribbit
  7839 | D:9      | Noticed Maurice
  7848 | D:9      | Killed Maurice
  7889 | D:9      | Found a white marble altar of Elyvilon.
  7889 | D:9      | Found a glowing silver altar of Zin.
  7890 | D:9      | Found a glowing golden altar of the Shining One.
  8161 | D:10     | Entered Level 10 of the Dungeon
  8315 | D:10     | Reached skill level 10 in Shields
  8445 | D:10     | Found a radiant altar of Vehumet.
  8562 | D:10     | Noticed a hill giant
  8563 | D:10     | Noticed a hill giant
  8571 | D:10     | Killed a hill giant
  8576 | D:10     | Killed a hill giant
  9003 | D:10     | Reached skill level 10 in Axes
  9003 | D:10     | Reached XP level 11. HP: 89/97 MP: 4/4
  9169 | D:11     | Noticed a seven-headed hydra
  9208 | D:11     | Killed a seven-headed hydra
  9387 | D:11     | Found a staircase to the Orcish Mines.
  9404 | D:11     | Acquired Okawaru's second power
  9483 | D:11     | Noticed a six-headed hydra
  9498 | D:11     | Killed a seven-headed hydra
  9672 | D:11     | Reached skill level 11 in Shields
  9752 | D:11     | Found a staircase to the Lair.
  9886 | D:11     | Reached skill level 10 in Armour
 10284 | D:11     | Noticed an ice devil
 10285 | D:11     | Noticed a soul eater
 10294 | D:11     | Noticed a centaur warrior
 10302 | D:11     | Killed a centaur warrior
 10339 | D:11     | Reached skill level 10 in Fighting
 10594 | D:12     | Received a gift from Okawaru
 10635 | D:12     | Found Caedass' Assorted Antiques.
 10658 | D:12     | Bought a runed zirconium amulet for 135 gold pieces
 10683 | D:12     | Noticed a hill giant
 10694 | D:12     | Killed a hill giant
 10717 | D:12     | Found a labyrinth entrance.
 10933 | D:12     | Noticed a hill giant
 10937 | D:12     | Killed a hill giant
 10946 | D:12     | Noticed a hill giant
 10947 | D:12     | Noticed a skeletal warrior
 10960 | D:12     | Noticed a skeletal warrior
 10961 | D:12     | Noticed a skeletal warrior
 10970 | D:12     | Killed a skeletal warrior
 10970 | D:12     | Reached skill level 12 in Shields
 10975 | D:12     | Killed a skeletal warrior
 10986 | D:12     | Killed a skeletal warrior
 10986 | D:12     | Reached XP level 12. HP: 38/108 MP: 4/6
 11157 | D:12     | Got a twisted cloak
 11168 | D:12     | Identified the +1 cloak "Wuomouf" {-Cast +Fly rF+ rN+ MR+} (You found it on level 12 of the Dungeon)
 11473 | D:12     | Noticed a four-headed hydra
 11491 | D:12     | Killed a five-headed hydra
 11745 | D:13     | Found a gate to the Vaults.
 11745 | D:13     | Noticed a vault guard
 11745 | D:13     | Noticed a vault guard
 11745 | D:13     | Noticed a vault guard
 11746 | D:13     | Noticed a centaur warrior
 11760 | D:13     | Noticed a vault guard
 11770 | D:13     | Killed a centaur warrior
 11779 | D:13     | Killed a vault guard
 11783 | D:13     | Killed a vault guard
 11783 | D:13     | Reached skill level 13 in Shields
 11788 | D:13     | Killed a vault guard
 11802 | D:13     | Killed a vault guard
 12371 | D:14     | Received a gift from Okawaru
 12452 | D:14     | Got a smoking hand crossbow
 12624 | D:14     | Reached XP level 13. HP: 42/117 MP: 4/6
 12953 | D:14     | Received a gift from Okawaru
 13146 | D:15     | Entered Level 15 of the Dungeon
 13215 | D:15     | Found a glowing golden altar of the Shining One.
 13463 | D:15     | Found a deep blue altar of Sif Muna.
 13486 | D:15     | Reached skill level 14 in Shields
 13869 | D:15     | Received a gift from Okawaru
 13872 | D:15     | Got a polished battleaxe {god gift}
 14016 | D:15     | Found a staircase to the Depths.
 14314 | Lair:1   | Entered Level 1 of the Lair of Beasts
 14745 | Lair:4   | Reached skill level 15 in Axes
 14969 | Lair:5   | Received a gift from Okawaru
 14980 | Lair:5   | Reached XP level 14. HP: 59/127 MP: 4/6
 15421 | Lair:5   | Reached skill level 15 in Shields
 17049 | Lair:7   | Found a staircase to the Slime Pits.
 17060 | Lair:7   | Found a glowing golden altar of the Shining One.
 17111 | Lair:7   | Received a gift from Okawaru
 17111 | Lair:7   | Reached skill level 16 in Axes
 17746 | Lair:7   | Got a pair of jewelled gloves {god gift}
 17757 | Lair:7   | Identified the +2 pair of gloves of Bohoeree {+Fly rN+ Dex-4} (Okawaru gifted it to you on level 7 of the Lair of Beasts)
 17814 | Lair:8   | Entered Level 8 of the Lair of Beasts
 18274 | Lair:8   | Reached XP level 15. HP: 138/138 MP: 7/7
 18472 | Lair:8   | Identified the +1 battleaxe "Kloit" {pain, rPois rC+ rN+ MP+9 Int-3} (Okawaru gifted it to you on level 15 of the Dungeon)
 18474 | Lair:8   | Identified the +4 hand crossbow of Ragnarok {elec, Dex+2} (You found it on level 14 of the Dungeon)
 19154 | Lair:3   | Found a hole to the Spider Nest.
 19195 | Lair:3   | Noticed Gastronok
 19228 | Lair:3   | Killed Gastronok
 19580 | Lair:3   | Found a staircase to the Shoals.
 19854 | Shoals:1 | Entered Level 1 of the Shoals
 19855 | Shoals:1 | Found Twol's Antique Armour Boutique.
 20094 | Shoals:3 | Received a gift from Okawaru
 20115 | Shoals:3 | Reached skill level 17 in Axes
 20480 | Shoals:4 | Noticed Saint Roka
 20518 | Shoals:4 | HP: 5/139 [Saint Roka/bardiche of chopping (21)]
 20519 | Shoals:4 | Killed Saint Roka
 21312 | Shoals:5 | Entered Level 5 of the Shoals
 21424 | Shoals:4 | Killed from afar by a merfolk aquamancer

Action                   |  1- 3 |  4- 6 |  7- 9 | 10-12 | 13-15 || total
-------------------------+-------+-------+-------+-------+-------++-------
Melee: War axe           |   101 |   207 |   450 |   707 |  1264 ||  2729
       Flail             |       |       |       |    68 |    32 ||   100
Invok: Heroism           |       |       |       |     2 |       ||     2
  Use: Scroll            |     4 |     2 |    15 |     7 |    13 ||    41
       Potion            |     1 |     1 |       |     3 |     7 ||    12
 Stab: Fleeing           |       |       |       |       |     1 ||     1
  Eat: Meat ration       |     1 |       |       |     1 |       ||     2
       Chunk             |       |     2 |     3 |     1 |     3 ||     9
       Fruit             |       |       |     5 |    15 |     4 ||    24
       Bread ration      |       |       |     1 |       |     3 ||     4
       Royal jelly       |       |       |     1 |       |     1 ||     2
       Pizza             |       |       |       |     1 |     1 ||     2
       Beef jerky        |       |       |       |       |     6 ||     6
